 Dungeon Crawl Stone Soup version 0.17-a0-1979-g1c74939 (webtiles) character file.

2396 tp1 the Fighter (level 9, -2/60 HPs)
             Began as a Gargoyle Berserker on Oct 5, 2015.
             Was an Elder of Trog.
             Slain by a yak (5 damage)
             ... on level 7 of the Dungeon.
             The game lasted 00:34:24 (4947 turns).

tp1 the Fighter (Gargoyle Berserker)                Turns: 4947, Time: 00:34:25

Health: -2/60      AC: 15    Str: 24    XL:     9   Next: 46%
Magic:  9/9        EV:  6    Int:  8    God:    Trog [****..]
Gold:   385        SH:  0    Dex:  9    Spells: 0 memorised, 8 levels left

rFire  . . .     SeeInvis .     b - +0 dire flail
rCold  . . .     Clarity  .     y - +0 ring mail
rNeg   + . .     SustAt   .     (no shield)
rPois  ∞         Gourm    .     A - +1 helmet
rElec  +         Spirit   .     (no cloak)
rCorr  .         Warding  .     (no gloves)
rMut   .         Stasis   .     n - +0 pair of boots
MR     .....                    (no amulet)
Stlth  ..........               (no ring)
                                (no ring)

@: not resistant to hostile enchantments, extremely unstealthy
A: negative energy resistance 1, electricity resistance, unbreathing,
petrification resistance, rot immunity, AC +5
a: Burn Spellbooks, Berserk, Trog's Hand, Brothers in Arms, Renounce Religion


You were on level 7 of the Dungeon.
You worshipped Trog.
Trog was greatly pleased with you.
You were hungry.

You visited 1 branch of the dungeon, and saw 7 of its levels.
You also visited: Ossuary.

You collected 385 gold pieces.

Inventory:

Hand Weapons
 b - a +0 dire flail (weapon)
 d - a +0 hand axe
 e - a +1 mace
 C - a +0 mace
 N - a +0 hand axe
Missiles
 L - 8 needles of confusion
Armour
 n - a +0 pair of boots (worn)
 y - a +0 ring mail (worn)
 A - a +1 helmet (worn)
 H - a +0 plate armour
Jewellery
 j - an uncursed ring of fire
 G - an uncursed ring of flight {unknown}
Wands
 k - a wand of cold (8)
 r - a wand of flame (28)
 J - a wand of disintegration (12)
Scrolls
 f - 2 scrolls of random uselessness
 g - a scroll of magic mapping
 i - 5 scrolls of identify
 l - 3 scrolls of teleportation
 p - a scroll of fog
 u - 4 scrolls of remove curse
 B - 2 scrolls of amnesia {unknown}
 M - a scroll of silence {unknown}
Potions
 a - a potion of resistance {unknown}
 h - 2 potions of degeneration {unknown}
 o - 3 potions of invisibility {unknown}
 q - a potion of haste {unknown}
 v - 3 potions of lignification {unknown}
 x - a potion of cancellation {unknown}
 z - a potion of berserk rage {unknown}
 D - 3 potions of heal wounds {unknown}
 E - 3 potions of poison {unknown}
 F - a potion of might {unknown}
 I - 5 potions of curing {unknown}
Comestibles
 c - 6 bread rations
 m - 4 meat rations
 w - a beef jerky
 K - a royal jelly


   Skills:
 + Level 8.3 Fighting
 + Level 6.3(7.0) Axes
 + Level 4.9(6.6) Maces & Flails
 + Level 7.2 Armour
 - Level 1.6 Dodging


You had 8 spell levels left.
You didn't know any spells.

Dungeon Overview and Level Annotations

Branches:
Dungeon (7/15)             Temple (0/1) D:5

Altars:
Dithmenos


Innate Abilities, Weirdness & Mutations

You are resistant to torment.
Your stone body is resilient (AC +5).
You are immune to poison.
You resist negative energy.
You are resistant to electric shocks.
You can survive without breathing.
You are immune to petrification.
You are immune to rotting.


Message History

You hit the yak.
The yak is lightly wounded.
The yak gores you but does no damage. The yak barely misses you.
The yak gores you.
* * * LOW HITPOINT WARNING * * *
The yak barely misses you.
You hit the yak.
The yak is moderately wounded.
The yak gores you but does no damage.
You sock the yak!
The yak is severely wounded.
The yak gores you.
* * * LOW HITPOINT WARNING * * *
You closely miss the yak.
The yak is severely wounded.
The yak gores you!
* * * LOW HITPOINT WARNING * * *
There is a stone staircase leading up here.
The yak gores you.
You die...

##.....#####..#
##Y####...)...# # ##..#
#..####..# #.##..####..#
##.# # #....Y###..## #.##
#. ###........# #..# ..
##...Y...## ##.# . .#
#....Y...# #.## #.# .#
##.....@..# #..##..# .#
#.<........## ##....# .#
#..######...####....##
.### ###..##
##..........#
#..#####.....#
##......###...#
.............####......##
###.#
..##.......#..##.......#
.#
.###.......#...........##
# ##
#....................#


You could see 3 yaks.

Vanquished Creatures
  Eustachio (D:4)
  2 yaks
  A hungry ghost (D:7)
  Menkaure (D:4)
  A sky beast (D:5)
  2 ice beasts
  2 phantoms
  3 ogres
  2 elf zombies (Ossuary)
  Blork the orc (D:6)
  A giant frog (D:6)
  A wyvern skeleton (D:6)
  A human zombie (Ossuary)
  2 jellies
  2 crimson imps
  A centaur zombie (D:7)
  A giant frog zombie (D:6)
  A giant frog skeleton (D:7)
  3 hounds
  2 worker ants
  A killer bee zombie (D:6)
  A big kobold zombie (Ossuary)
  A hound zombie (Ossuary)
  4 mummies (Ossuary)
  5 adders
  4 gnolls (D:5)
  A worm zombie (D:6)
  4 worms
  6 giant geckos
  7 orcs
  6 giant cockroaches
  2 gnoll zombies (Ossuary)
  9 goblins
  13 hobgoblins
  21 jackals
  6 kobolds
  2 quokkas
  4 ball pythons
  15 bats
  4 giant newts
  2 hobgoblin zombies (Ossuary)
  A jackal zombie (Ossuary)
  2 orc zombies
  A quokka zombie (D:5)
  10 rats
  2 rat zombies
165 creatures vanquished.

Notes
Turn   | Place    | Note
--------------------------------------------------------------
     0 | D:1      | tp1 the Gargoyle Berserker began the quest for the Orb.
     0 | D:1      | Reached XP level 1. HP: 14/14 MP: 1/1
   170 | D:1      | Reached XP level 2. HP: 14/19 MP: 2/2
   207 | D:1      | Acquired Trog's second power
   267 | D:1      | Reached XP level 3. HP: 18/24 MP: 3/3
   612 | D:1      | Reached skill level 4 in Fighting
  1155 | D:2      | Reached XP level 4. HP: 18/30 MP: 4/4
  1797 | D:3      | Reached XP level 5. HP: 28/34 MP: 5/5
  2036 | D:4      | Noticed an ogre
  2039 | D:4      | Noticed Eustachio
  2042 | D:4      | Killed an ogre
  2042 | D:4      | Reached skill level 5 in Fighting
  2064 | D:4      | Killed Eustachio
  2064 | D:4      | Reached XP level 6. HP: 32/40 MP: 6/6
  2093 | D:4      | Acquired Trog's third power
  2130 | D:4      | Noticed a phantom
  2195 | D:4      | Killed a phantom
  2195 | D:4      | Reached skill level 5 in Axes
  2195 | D:4      | Reached skill level 1 in Maces & Flails
  2195 | D:4      | Reached XP level 7. HP: 38/44 MP: 7/7
  2274 | D:4      | Noticed Menkaure
  2280 | D:4      | Killed Menkaure
  2614 | D:4      | Reached skill level 6 in Fighting
  2685 | D:5      | Entered Level 5 of the Dungeon
  2692 | D:5      | Found a shadowy altar of Dithmenos.
  2755 | D:5      | Received a gift from Trog
  2761 | D:5      | Found a staircase to the Ecumenical Temple.
  2990 | D:5      | Reached skill level 5 in Armour
  3001 | D:5      | Reached XP level 8. HP: 41/51 MP: 8/8
  3380 | D:6      | Found a sand-covered staircase.
  3477 | D:6      | Noticed Blork the orc
  3498 | D:6      | Killed Blork the orc
  3854 | Ossuary  | Entered an ossuary
  3867 | Ossuary  | Reached skill level 7 in Fighting
  4249 | D:6      | Reached XP level 9. HP: 46/57 MP: 9/9
  4391 | D:7      | Reached skill level 8 in Fighting
  4939 | D:7      | HP: 1/60 [yak (8)]
  4947 | D:7      | Slain by a yak

Vault maps used:
D:1:      minmay_arrival_plants_in_alcoves, hex_medium
D:3:      minmay_misc_feat_cross
D:4:      uniq_eustachio, uniq_menkaure
D:5:      kennysheep_mini, minmay_temple_entry_statues_pillars, first_bread
D:6:      minmay_klotski, enter_ossuary_3, uniq_blork_the_orc
D:7:      xom_redecorated
Ossuary:  ossuary_minmay_tomb_2a

Action                   |  1- 3 |  4- 6 |  7- 9 || total
-------------------------+-------+-------+-------++-------
Melee: Mace              |    23 |    55 |    98 ||   176
       Hand axe          |   104 |   147 |   220 ||   471
       Dire flail        |       |       |   148 ||   148
Invok: Berserk           |     1 |     1 |     1 ||     3
       Burn Spellbooks   |       |       |     1 ||     1
  Use: Scroll            |       |     1 |     8 ||     9
  Eat: Chunk             |     1 |     4 |    10 ||    15
       Beef jerky        |       |       |     1 ||     1
       Pizza             |       |       |     1 ||     1
       Bread ration      |       |       |     1 ||     1
